 Dungeon Crawl Stone Soup version 0.30.1-4-g462c640d31 (webtiles) character file.

Game seed: 9183018852995295159

165 Inchmeat the Cudgeller (level 5, -1/44 HPs)
             Began as an Armataur Fighter on Aug 17, 2023.
             Slain by a gnoll bouda
             ... wielding a +0 whip
              (5 damage)
             ... on level 4 of the Dungeon.
             The game lasted 00:03:16 (2520 turns).

Inchmeat the Cudgeller (Armataur Fighter)           Turns: 2520, Time: 00:03:17

Health: -1/44      AC:  9    Str: 21    XL:     5   Next: 21%
Magic:  5/5        EV:  7    Int: 10    God:
Gold:   180        SH:  4    Dex: 10    Spells: 4/4 levels left

rFire   . . .        a - +0 flail
rCold   . . .        c - +0 buckler
rNeg    . . .        b - +0 scale mail
rPois   .            (no helmet)
rElec   .            s - +1 cloak
rCorr   .            (no gloves)
SInv    .            (no barding)
Will    .....        (no amulet) Stlth
                     (no ring)
HPRegen 0.27/turn    (no ring)
MPRegen 0.09/turn

%: roll
@: no status effects
A: large, rugged brown scales 3, deformed body, armoured tail, roll, long
tongue, awkward tongue
a: no special abilities


You were on level 4 of the Dungeon.
You visited 1 branch of the dungeon, and saw 4 of its levels.

You collected 180 gold pieces.

Inventory:

Hand Weapons
 a - a +0 flail (weapon)
 q - a +0 shortbow
Armour
 b - a +0 scale mail (worn)
 c - a +0 buckler (worn)
 r - a +0 helmet
 s - a +1 cloak (worn)
Scrolls
 e - 2 scrolls of amnesia {unknown}
 g - 4 scrolls of identify {unknown}
 h - 2 scrolls of fear {unknown}
 i - a scroll of teleportation {unknown}
 k - a scroll of torment {unknown}
 l - 2 scrolls of blinking {unknown}
 o - 2 scrolls of immolation {unknown}
 p - a scroll of poison {unknown}
 u - a scroll of enchant armour {unknown}
Potions
 d - a potion of might
 f - a potion of cancellation {unknown}
 j - 2 potions of degeneration {unknown}
 m - a potion of brilliance {unknown}
 n - a potion of curing {unknown}
 t - a potion of lignification {unknown}


   Skills:
 - Level 2.6 Fighting
 * Level 5.0 Maces & Flails
 - Level 3.6 Armour
 - Level 3.2 Shields


You had 4 spell levels left.
You didn't know any spells.
Your spell library contained the following spells:

 Spells                   Type           Power      Damage    Failure   Level
 Kiss of Death            Conj/Necr      0%         2d5       77%         1
 Summon Small Mammal      Summ           0%         N/A       77%         1
 Call Canine Familiar     Summ           0%         N/A       98%         3
 Confusing Touch          Hex            0%         N/A       98%         3
 Summon Guardian Golem    Hex/Summ       0%         N/A       98%         3
 Dispel Undead            Necr           0%         3d6       100%        4


Dungeon Overview and Level Annotations

Branches:
Dungeon (4/15)
 Temple: D:4-7

Altars:
Uskayaw


Innate Abilities, Weirdness & Mutations

You are completely covered in rugged brown scales. (AC +3, +7% HP)
Armour fits poorly on your strangely shaped body.
You have a long armoured tail.
You roll when moving toward enemies. (Rampage)
Your long tongue fully drains potion bottles. (2x potion effects)
Your tongue gives you trouble enunciating. (1.5x scroll delay)


Message History

You hit the gnoll bouda.
The gnoll bouda is heavily wounded.
The gnoll bouda hits you with a +0 whip.
You take 4 damage, and have 24/44 hp.
You barely miss the gnoll bouda.
The gnoll bouda is heavily wounded.
The gnoll bouda barely misses you.
You closely miss the gnoll bouda.
The gnoll bouda is heavily wounded.
You block the gnoll bouda's attack.
You hit the gnoll bouda. You tail-slap the gnoll bouda.
The gnoll bouda is almost dead.
Your attacks no longer feel as feeble.
You block the gnoll bouda's attack.
You closely miss the gnoll bouda.
The gnoll bouda is almost dead.
The gnoll bouda hits you with a +0 whip!
The gnoll bouda utters an invocation to its god.
The gnoll bouda is healed somewhat.
You take 6 damage, and have 18/44 hp.
You hit the gnoll bouda but do no damage.
The gnoll bouda is severely wounded.
You block the gnoll bouda's attack.
You barely miss the gnoll bouda.
The gnoll bouda is severely wounded.
The gnoll bouda hits you with a +0 whip.
You take 4 damage, and have 14/44 hp.
You hit the gnoll bouda.
The gnoll bouda is severely wounded.
The gnoll bouda hits you with a +0 whip!
* * * LOW HITPOINT WARNING * * *
You take 10 damage, and have 4/44 hp.
MASSIVE DAMAGE!!
Okay, then.
You hit the gnoll bouda but do no damage.
The gnoll bouda is severely wounded.
You block the gnoll bouda's attack.
You hit the gnoll bouda but do no damage.
The gnoll bouda is severely wounded.
The gnoll bouda hits you with a +0 whip.
You die...

#.# #.# #.# #.#
#.# ### #.#
####### ..# #.#
##.....# #†####.#
###..#@#..#
.......####...##g#
#
#.####........#.).
#.# #.####..######
#.# #.# #..# ..#
#.# ...+ ### #.#
.#.## # #.##.#.# #
#... ..#


You could see a gnoll bouda.

Vanquished Creatures
  A centaur (D:3)
  A hound (D:4)
  An adder (D:2)
  A worm (D:3)
  2 dart slugs
  An orc (D:3)
  4 ball pythons
  7 endoplasms
  A giant cockroach (D:2)
  6 goblins
  4 hobgoblins
  5 bats
  3 frilled lizards
  2 kobolds
  3 rats
42 creatures vanquished.

Notes
Turn   | Place    | Note
-------+----------+-------------------------------------------
     0 | D:1      | Inchmeat the Armataur Fighter began the quest for the Orb.
     0 | D:1      | Reached XP level 1. HP: 19/19 MP: 1/1
    68 | D:1      | Reached skill level 2 in Maces & Flails
   280 | D:1      | Reached XP level 2. HP: 26/26 MP: 2/2
  1211 | D:2      | Reached skill level 3 in Maces & Flails
  1319 | D:2      | Reached XP level 3. HP: 10/32 MP: 3/3
  1585 | D:3      | Found a faded altar of an unknown god.
  1651 | D:3      | Noticed a centaur
  1661 | D:3      | Killed a centaur
  1662 | D:3      | Reached skill level 4 in Maces & Flails
  1662 | D:3      | Reached XP level 4. HP: 14/39 MP: 4/4
  2345 | D:3      | Found a hide-covered altar of Uskayaw.
  2476 | D:4      | Reached skill level 5 in Maces & Flails
  2476 | D:4      | Reached XP level 5. HP: 41/44 MP: 5/5
  2520 | D:4      | Slain by a gnoll bouda

Illustrated notes

Levels and vault maps discovered:
D:1:      lightli_arrival_lavapool, layout_basic, minmay_fountain_box
D:2:      layout_basic
D:3:      layout_loops_ring, nicolae_uskayaw_suspiria,
          chequers_ecumenical_altar_island, mrwooster_statue_mirror,
          hangedman_decor_growths
D:4:      layout_loops_cross, minmay_divided_ellipse, uniq_grinder,
          uniq_sigmund, uniq_pikel, uniq_duvessa, uniq_eustachio

Skill      XL: |  1  2  3  4 |
---------------+-------------+-----
Maces & Flails | 2 3 4 5 |  5.0
Fighting       | |  2.6
Armour         | |  3.6
Shields        | |  3.2

Action                     |  1- 3 |  4- 6 || total
---------------------------+-------+-------++-------
  Melee: Flail             |   108 |    42 ||   150
         Tailslap          |     4 |     2 ||     6
    Use: Potion            |     1 |       ||     1
 Armour: Scale mail        |    72 |    15 ||    87
  Dodge: Dodged            |    43 |    10 ||    53
  Block: Buckler           |    26 |     7 ||    33
